 Dungeon Crawl Stone Soup version 0.28.0-1-gb440e238dd (webtiles) character file.

Game seed: 11881034967232115504

8 sanboga the Covered (level 2, -1/19 HPs)
             Began as a Gargoyle Fighter on Feb 21, 2022.
             Slain by a gnoll (5 damage)
             ... on level 1 of the Dungeon.
             The game lasted 00:00:27 (136 turns).

sanboga the Covered (Gargoyle Fighter)               Turns: 136, Time: 00:00:28

Health: -1/19      AC:  9    Str: 19    XL:     2   Next: 8%
Magic:  2/2        EV:  9    Int:  8    God:
Gold:   22         SH:  4    Dex:  9    Spells: 1/1 levels left

rFire   . . .      SeeInvis .   a - +0 war axe
rCold   . . .      Faith    .   c - +0 buckler
rNeg    + . .      Spirit   .   b - +0 scale mail
rPois   ∞          Reflect  .   (no helmet)
rElec   +          Harm     .   (no cloak)
rCorr   .          Rampage  .   (no gloves)
Will    .....                   (no boots)
Stlth   ..........              (no amulet)
HPRegen 0.06/turn               (no ring)
MPRegen 0.08/turn               (no ring)

@: mighty
A: sickness immunity, AC +2, negative energy resistance 1, electricity
resistance, torment resistance 1, petrification resistance
a: no special abilities


You were on level 1 of the Dungeon.
You visited 1 branch of the dungeon, and saw 1 of its levels.

You collected 22 gold pieces.

Inventory:

Hand Weapons
 a - a +0 war axe (weapon)
Armour
 b - a +0 scale mail (worn)
 c - a +0 buckler (worn)
Scrolls
 e - a scroll of immolation {unknown}
 f - a scroll of magic mapping {unknown}


   Skills:
 + Level 3.4 Fighting
 * Level 2.1 Axes
 + Level 3.4 Armour
 + Level 3.4 Shields


You had one spell level left.
You didn't know any spells.
Your spell library was empty.

Dungeon Overview and Level Annotations

Branches:
Dungeon (1/15)

Altars:


Innate Abilities, Weirdness & Mutations

You are immune to sickness and miasma.
Your stone body is resilient. (AC +2)
You are immune to poison.
You resist negative energy. (rN+)
You are resistant to electric shocks. (rElec)
You are resistant to unholy torment.
You are immune to petrification.


Message History

A gnoll comes into view. It is wielding a +0 spear.
You closely miss the kobold.
A dart slug comes into view.
The kobold hits you but does no damage.
You closely miss the kobold.
The kobold hits you with a +0 dagger of holy wrath.
A goblin comes into view. It is wielding a +0 dagger.
The kobold hits you with a +0 dagger of holy wrath.
The gnoll hits you from afar with a +0 spear!
You are too injured to fight recklessly!
You are too injured to fight recklessly!
You are too injured to fight recklessly!
You are too injured to fight recklessly!
You are too injured to fight recklessly!
You are too injured to fight recklessly!
You are too injured to fight recklessly!
You are too injured to fight recklessly!
You feel very mighty all of a sudden.
A frilled lizard comes into view.
You block the kobold's attack.
The gnoll hits you from afar with a +0 spear.
You barely miss the kobold.
The frilled lizard hisses angrily.
You hear an angry hiss.
The kobold hits you but does no damage. You block the gnoll's attack.
You hear a shout!
You closely miss the kobold. The kobold hits you but does no damage.
The gnoll completely misses you.
The dart slug briefly extends its eye-stalks.
The kobold hits you but does no damage.
The gnoll hits you from afar with a +0 spear.
* * * LOW HITPOINT WARNING * * *
You barely miss the kobold.
The kobold hits you with a +0 dagger of holy wrath.
* * * LOW HITPOINT WARNING * * *
The gnoll closely misses you.
You hit the kobold.
You kill the kobold!
The gnoll hits you but does no damage.
The gnoll hits you from afar with a +0 spear.
You die...

............# #.
.....>>..#.###..
#######.....#....
..........#.....
.######.........
.##.............
...............# .
.......#†......#####w...
................@)ggl...
#####..#.......#########
#####..#.......#
##.....#.......#
##....(........#
##......#####..#
#.8.......####.#
#<.........###.#
#.8............###


You could see a gnoll, a dart slug, a goblin and a frilled lizard.

Vanquished Creatures
  A dart slug (D:1)
  A bat (D:1)
  A giant cockroach (D:1)
  2 frilled lizards (D:1)
  2 kobolds (D:1)
  A rat (D:1)
8 creatures vanquished.

Notes
Turn   | Place    | Note
-------+----------+-------------------------------------------
     0 | D:1      | sanboga the Gargoyle Fighter began the quest for the Orb.
     0 | D:1      | Reached XP level 1. HP: 14/14 MP: 1/1
    81 | D:1      | Reached XP level 2. HP: 19/19 MP: 2/2
   136 | D:1      | Slain by a gnoll

Illustrated notes

Levels and vault maps discovered:
D:1:      mrwooster_arrival_statue, layout_rooms, moated_statue

Skill      XL: |  1 |
---------------+----+-----
Axes           | 2 |  2.1
Fighting       | |  3.4
Armour         | |  3.4
Shields        | |  3.4

Action                   || total
-------------------------++-------
Melee: War axe           ||    21
  Use: Potion            ||     1
Armor: Scale mail        ||    17
Dodge: Dodged            ||    10
Block: Buckler           ||     5
